 Dungeon Crawl Stone Soup version 0.30.0-19-g36f170ea60 (webtiles) character file.

Game seed: 6840196028929789896

99 hawla the Gusty (level 5, -1/38 HPs)
             Began as a Meteoran Air Elementalist on May 29, 2023.
             Succumbed to a scorpion's poison
             ... on level 6 of the Dungeon.
             The game lasted 00:03:56 (492 turns).

hawla the Gusty (Meteoran Air Elementalist)          Turns: 492, Time: 00:03:56

Health: -1/38      AC:  2    Str:  6 (9)  XL:     5   Next: 23%
Magic:  11/11      EV: 13    Int: 17 (19) God:
Gold:   58         SH:  0    Dex: 19 (20) Spells: 4/11 levels left

rFire   + . .        (no weapon)
rCold   + . .        (no shield)
rNeg    . . .        a - +0 robe
rPois   +            (no helmet)
rElec   +            (no cloak)
rCorr   +            (no gloves)
SInv    .            (no boots)
Will    .....        (no amulet)
Stlth   +            e - +6 ring of dexterity
HPRegen 0.26/turn    (no ring)
MPRegen 0.12/turn

%: no passive effects
@: lethally poisoned (-1 -> -19), resistant, glowing
A: sense surroundings 1, otherworldly, glowing, explore regen
a: no special abilities


You were on level 6 of the Dungeon.
You visited 1 branch of the dungeon, and saw 4 of its levels.

You collected 58 gold pieces.

Inventory:

Armour
 a - a +0 robe (worn)
Jewellery
 e - a +6 ring of dexterity (left hand)
Scrolls
 d - 2 scrolls of enchant armour {unknown}
 h - a scroll of identify {unknown}
 i - a scroll of magic mapping {unknown}
Potions
 g - 2 potions of lignification {unknown}


   Skills:
 - Level 2.9 Dodging
 - Level 1.4 Stealth
 - Level 3.5 Spellcasting
 - Level 2.0 Conjurations
 + Level 5.4 Air Magic


You had 4 spell levels left.
You knew the following spells:

 Your Spells              Type           Power      Damage    Failure   Level
a - Shock                 Conj/Air       60%        1d6       3%          1
b - Static Discharge      Conj/Air       30%        2-4/arc   5%          2
c - Airstrike             Air            10%        2d(2-18)  19%         4

Your spell library contained the following spells:

 Spells                   Type           Power      Damage    Failure   Level
 Swiftness                Air            21%        N/A       5%          3
 Animate Armour           Summ/Erth      6%         N/A       86%         4
 Blade Hands              Tmut           1%         N/A       99%         5
 Iron Shot                Conj/Erth      3%         9d2       100%        6


Dungeon Overview and Level Annotations

Branches:
Dungeon (6/15) Zot: 1909
 Temple: D:4-7

Altars:
Zin


Innate Abilities, Weirdness & Mutations

You passively map a small area around you.
You are easily found by Zot.
You glow in the dark.
You regain HP and MP as you explore.


Message History

The scorpion is struck by an arc of lightning.
The scorpion is almost dead.
You are struck by an arc of lightning.
The lightning grounds out.
The scorpion completely misses you. The scorpion closely misses you.
Unknown command.
Casting: Static Discharge (safe; 4% risk of failure)
Confirm with . or Enter, or press ? or * to list all spells.
You don't have enough magic to cast this spell.
Casting: Static Discharge (safe; 4% risk of failure)
Confirm with . or Enter, or press ? or * to list all spells.
Aiming: Shock (safe; 3% risk of failure)
Press: ? - help, Shift-Dir - straight line, f/p - scorpion
Aim: a scorpion (almost dead, 71% to hit)
The zap hits the scorpion but does no damage.
The scorpion is almost dead.
The scorpion misses you.
Unknown command.
You hit the scorpion but do no damage.
The scorpion is almost dead.
The scorpion stings you.
You are poisoned.
The scorpion poisons you!
You hit the scorpion but do no damage.
The scorpion is almost dead.
You feel very sick. The scorpion misses you.
It was a potion of degeneration.
There was something very wrong with that liquid.
You feel weakened.
You feel dopey.
You feel clumsy.
You feel very sick. The scorpion stings you.
* * * LOW HITPOINT WARNING * * *
Unknown command.
Magic courses through your body.
You feel sick. The scorpion completely misses you. The scorpion stings you.
* * * LOW HITPOINT WARNING * * *
You are more poisoned.
The scorpion poisons you!
It was a potion of resistance.
You feel protected.
You die...

#.# #..###.###..## #.#
#. **##...#.# #.# #.. ,
#####.# #.# ##.#* ,
##.#### #.# #..# ,#
##.....# #.#
#..###.##*#....... #.#
#.....$..##.##....
#.####.....####...##..#
#.....@s....##.....##.#
########..#.#.......###
##....._.....#
#.#.......#..
#.##.....#### * #
##...## * * ##.##, #. ,
#. , ,


You could see a scorpion.

Vanquished Creatures
  A hound (D:6)
  An iguana (D:3)
  An adder (D:3)
  2 white imps (D:6)
  A worm (D:2)
  An orc (D:2)
  2 ball pythons
  3 bats (D:3)
  An endoplasm (D:2)
  2 goblins
  A hobgoblin (D:1)
  2 kobolds
  A frilled lizard (D:1)
  A rat (D:1)
20 creatures vanquished.

Notes
Turn   | Place    | Note
-------+----------+-------------------------------------------
     0 | D:1      | hawla the Meteoran Air Elementalist began the quest for the
                  | Orb.
     0 | D:1      | Reached XP level 1. HP: 14/14 MP: 5/5
    45 | D:1      | Reached XP level 2. HP: 20/20 MP: 3/6
    48 | D:1      | Learned a level 2 spell: Static Discharge
   101 | D:2      | Reached skill level 4 in Air Magic
   155 | D:3      | Reached XP level 3. HP: 26/26 MP: 0/8
   322 | D:3      | Reached XP level 4. HP: 3/33 MP: 0/10
   327 | D:3      | Learned a level 4 spell: Airstrike
   351 | D:3      | You fall into a shaft and drop 3 floors!
   351 | D:6      | Found a glowing silver altar of Zin.
   476 | D:6      | Noticed a scorpion
   486 | D:6      | Reached skill level 5 in Air Magic
   486 | D:6      | Reached XP level 5. HP: 23/38 MP: 3/11
   492 | D:6      | Succumbed to a scorpion's poison

Illustrated notes

Levels and vault maps discovered:
D:1:      dpeg_arrival_shelter, layout_rooms
D:2:      layout_basic, serial_shops, shop, wad_floor_pattern_2, uniq_robin
D:3:      layout_basic
D:6:      layout_loops_ring, lemuel_round_altar, serial_glass, glass_columns_c,
          glass_columns_a, uniq_duvessa

Skill      XL: |  1  2  3  4 |
---------------+-------------+-----
Spellcasting   | 3 |  3.5
Air Magic      | 4 5 |  5.4
Conjurations   | 2 |  2.0
Dodging        | |  2.9
Stealth        | |  1.4

Action                     |  1- 3 |  4- 6 || total
---------------------------+-------+-------++-------
  Melee: Unarmed           |     6 |     2 ||     8
   Cast: Shock             |    32 |    11 ||    43
         Static Discharge  |     8 |     5 ||    13
         Airstrike         |       |     1 ||     1
    Use: Potion            |       |     3 ||     3
 Armour: Robe              |     4 |       ||     4
  Dodge: Dodged            |    11 |     6 ||    17
